[Event "Titled Tuesday Blitz October 5 2021"]
[White "Aradhya, Garg"]
[Black "Riazantsev, Alexander"]
[WhiteFideId "25006746"]
[BlackFideId "4125029"]
[WhiteElo "2146"]
[BlackElo "2497"]
[Result "0-1"]
[Round "03"]
[TimeControl "180+1"]
[Date "2021.10.05"]
[WhiteClock "0:00:05"]
[BlackClock "0:00:06"]

1. d4 Nf6 2. c4 e6 3. Nf3 b6 4. Bf4 Bb7 5. e3 Bb4+ 6. Nfd2 O-O 7. a3 Be7 8. Nc3 d5 9. Be2 Nbd7 10. O-O c5 11. dxc5 bxc5 12. cxd5 exd5 13. Bf3 Re8 14. Nc4 a5 15. Ne5 Nb6 16. Nb5 Bf8 17. Rc1 Ba6 18. a4 Bb7 19. Nxf7 Kxf7 20. Bc7 Qd7 21. Bxb6 Rec8 22. Qb3 Ra6 23. Nc7 Rxb6 24. Qxb6 Qxc7 25. Qb3 Kg8 26. e4 c4 27. Qc2 Nxe4 28. Rfd1 Nf6 29. Qf5 Kh8 30. g4 Bc5 31. g5 Ne4 32. Bxe4 dxe4 33. Rd7 Qc6 34. Qf7 Rg8 35. Rxb7 e3 36. fxe3 Bxe3+ 37. Kf1 Qh1+ 38. Ke2 Qxc1 39. Kf3 Bd4 40. g6 h6 41. Ke4 Qe3+ 42. Kd5 Qe5+ 43. Kxc4 Bxb2 44. Kb3 Qc3+ 45. Ka2 Qa3+ 46. Kb1 Qa1+ 47. Kc2 Rc8+ 48. Kd3 Qd1+ 49. Ke4 Qe2+ 50. Kf4 Qf2+ 51. Ke4 Qxf7 52. gxf7 Rf8 53. Kf5 Kh7 54. Rxb2 Rxf7+ 55. Ke6 Rf6+ 56. Ke5 Rg6 57. Rb5 Rg5+ 58. Kf4 Kg6 59. h4 Rh5 60. Kg4 Rxb5 61. axb5 a4 62. b6 a3 63. b7 a2 64. b8=Q a1=Q 65. Qe8+ Kh7 66. Qe4+ g6 67. Qe7+ Qg7 68. Qe4 Qf6 69. Qb7+ Qg7 70. Qe4 Qd7+ 71. Kg3 Qd6+ 72. Kg4 Kg7 73. Qb7+ Kf6 74. Qf3+ Ke7 75. h5 g5 76. Kh3 Qe6+ 77. Kg2 Qd6 78. Qe4+ Kd7 79. Qh7+ Kc6 80. Qc2+ Qc5 81. Qg6+ Qd6 82. Qc2+ Kb7 83. Qb3+ Qb6 84. Qf7+ Ka6 85. Qc4+ Qb5 86. Qe6+ Qb6 87. Qc4+ Ka7 88. Qa4+ Kb7 89. Qd7+ Kb8 90. Qe8+ Kc7 91. Qe7+ Kc8 92. Qe8+ Kb7 93. Qd7+ Ka8 94. Qe8+ Ka7 95. Qd7+ Qb7+ 96. Qxb7+ Kxb7 97. Kf3 Kc6 98. Ke4 Kd6 99. Kf5 Ke7 100. Kg6 g4 101. Kxh6 g3 102. Kh7 g2 103. h6 g1=Q 104. Kh8 Qd4+ 105. Kg8 Qg4+ 106. Kh8 Kf7 107. Kh7 Qg6+ 108. Kh8 Qg8# 0-1


[Site "https://www.chess.com"]

[Event "Titled Tuesday Blitz October 5 2021"]
[White "Babazada, Khazar"]
[Black "Petesch, Gabriel"]
[WhiteFideId "13413554"]
[BlackFideId "2032465"]
[WhiteElo "2302"]
[BlackElo "2374"]
[Result "0-1"]
[Round "03"]
[TimeControl "180+1"]
[Date "2021.10.05"]
[WhiteClock "0:00:07"]
[BlackClock "0:00:04"]

1. e4 c6 2. d4 d5 3. Nc3 dxe4 4. Nxe4 Nf6 5. Nxf6+ exf6 6. c3 Bd6 7. Bd3 c5 8. Ne2 cxd4 9. Nxd4 O-O 10. O-O Nc6 11. Nxc6 bxc6 12. Qf3 Qc7 13. h3 Rb8 14. Rd1 Bh2+ 15. Kf1 Be5 16. b3 Be6 17. Kg1 Bh2+ 18. Kh1 Be5 19. Be3 Rfd8 20. Rac1 Rd7 21. c4 Rbd8 22. Bc2 a5 23. Rxd7 Rxd7 24. Rd1 g6 25. Qe2 Kg7 26. Rd2 Rxd2 27. Qxd2 h5 28. Bc5 Bc8 29. Be4 Qd7 30. Qe1 Bc7 31. Bf3 Qf5 32. Ba3 Qf4 33. Kg1 Bf5 34. Qe8 Qh2+ 35. Kf1 Bd3+ 36. Ke1 Bd6 37. Bxd6 Qxd6 38. Qe3 Bb1 39. Qd2 Qe5+ 40. Be2 Qa1 41. f3 Bxa2+ 42. Qd1 Qb2 43. Kf2 Bxb3 44. Qd3 a4 0-1


[Site "https://www.chess.com"]

[Event "Titled Tuesday Blitz October 5 2021"]
[White "Baches Garcia, Guillermo"]
[Black "Madaminov, Mukhiddin"]
[WhiteFideId "2209764"]
[BlackFideId "14210703"]
[WhiteElo "2497"]
[BlackElo "1855"]
[Result "0-1"]
[Round "03"]
[TimeControl "180+1"]
[Date "2021.10.05"]
[WhiteClock "0:00:12"]
[BlackClock "0:00:08"]

1. e4 e5 2. Nf3 Nc6 3. Nc3 Nf6 4. d4 exd4 5. Nxd4 Bb4 6. Nxc6 bxc6 7. Bd3 d5 8. Bd2 O-O 9. O-O Re8 10. Nxd5 Nxd5 11. exd5 Bxd2 12. Qxd2 cxd5 13. b4 Bb7 14. Qf4 Qe7 15. Qd4 a5 16. b5 Kf8 17. Bxh7 Qb4 18. Qxb4+ axb4 19. Bd3 Ra4 20. Rfb1 Ke7 21. Re1+ Kd8 22. Rxe8+ Kxe8 23. Kf1 Ke7 24. f3 Kd6 25. Ke2 Kc5 26. Kd2 Kd4 27. Rb1 Bc8 28. h4 Kc5 29. Rb2 d4 30. h5 Be6 31. g4 f6 32. Bg6 Kxb5 33. Be8+ c6 34. Kd3 Kc5 35. Ke4 Ra3 36. Kf4 Bd5 37. g5 Rxf3+ 38. Kg4 fxg5 39. Kxg5 Rg3+ 40. Kf5 Rg1 41. Bg6 Ra1 42. Ke5 Re1+ 43. Kf4 Rh1 44. Kg5 Bf3 45. Rb3 Bd5 46. Rg3 Bxa2 47. Be8 Bb1 48. Rg2 Rc1 49. Kg6 Rxc2 50. Rxc2+ Bxc2+ 51. Kxg7 b3 52. Bg6 Bxg6 53. Kxg6 b2 54. h6 b1=Q+ 0-1


[Site "https://www.chess.com"]

[Event "Titled Tuesday Blitz October 5 2021"]
[White "Baskin, Robert"]
[Black "Dzhaparov, Medet"]
[WhiteFideId "24662402"]
[BlackFideId "13803689"]
[WhiteElo "2521"]
[BlackElo "1702"]
[Result "0-1"]
[Round "03"]
[TimeControl "180+1"]
[Date "2021.10.05"]
[WhiteClock "0:00:07"]
[BlackClock "0:00:04"]

1. e4 e5 2. Nf3 Nc6 3. d4 exd4 4. Bc4 Bc5 5. Ng5 Nh6 6. Nxf7 Nxf7 7. Bxf7+ Kxf7 8. Qh5+ g6 9. Qxc5 d5 10. O-O dxe4 11. c3 Re8 12. cxd4 Qxd4 13. Qg5 Qe5 14. Qh4 Kg8 15. Nc3 Bf5 16. Bf4 Qe6 17. Rad1 Rad8 18. Bxc7 Rxd1 19. Rxd1 e3 20. fxe3 Qxe3+ 21. Kh1 Qe7 22. Qc4+ Be6 23. Nd5 Qf7 24. Bg3 Rd8 25. Rf1 Bxd5 26. Qe2 Qe7 27. Qf2 Rf8 28. Qg1 Rxf1 29. Qxf1 Bxa2 30. h3 Bd5 31. Qb5 Qe4 32. Qf1 Nd4 33. Bd6 Nf5 34. Bc5 b6 35. Bf2 a5 36. Kh2 a4 37. g4 Qf4+ 38. Kg1 Ne3 39. Bxe3 Qg3+ 0-1


[Site "https://www.chess.com"]

[Event "Titled Tuesday Blitz October 5 2021"]
[White "Begmuratov, Khumoyun"]
[Black "Rodchenkov, Vitaly"]
[WhiteFideId "14210207"]
[BlackFideId "4152964"]
[WhiteElo "1948"]
[BlackElo "2337"]
[Result "1-0"]
[Round "03"]
[TimeControl "180+1"]
[Date "2021.10.05"]
[WhiteClock "0:00:05"]
[BlackClock "0:00:09"]

1. e4 c5 2. Nf3 d6 3. d4 cxd4 4. Nxd4 Nf6 5. Nc3 a6 6. Be2 e5 7. Nf3 Be7 8. O-O h6 9. Re1 Be6 10. Nd2 Qc7 11. Nf1 Nbd7 12. Ne3 O-O 13. Ncd5 Bxd5 14. exd5 Rfe8 15. c4 Bf8 16. b3 g6 17. Bb2 h5 18. Rc1 Bh6 19. Rc2 Rac8 20. Bf1 Qa5 21. Bc3 Qb6 22. Qf3 Bg7 23. Qh3 Nc5 24. Bd2 Nfe4 25. Bc1 f5 26. f3 Nf6 27. Kh1 e4 28. f4 Ng4 29. Nxg4 hxg4 30. Qe3 Qa5 31. Bd2 Qd8 32. b4 Nd7 33. Rec1 b6 34. g3 Qe7 35. a4 Kf7 36. c5 bxc5 37. Bxa6 Ra8 38. b5 Rh8 39. a5 Nf6 40. Qb3 Rhb8 41. Qa2 Kf8 42. Be3 Qf7 43. Rd1 Ra7 44. Qc4 Rba8 45. Kg2 Kg8 46. Kh1 Kh7 47. Rcd2 Nd7 48. Rb1 Nb8 49. Bc8 Rxa5 50. b6 Ra1 51. Rdd1 R8a4 52. Qc2 Rxb1 53. Rxb1 Ra3 54. Qd2 Qf6 55. b7 Qc3 56. Qxc3 Bxc3 57. Bc1 Ra7 58. Rb3 Bd4 59. Rb1 Kg7 60. Bd2 Kf7 61. Be1 Ke7 62. Rd1 Kd8 63. h3 gxh3 64. Kh2 Ra2+ 65. Kxh3 Kc7 66. g4 Ra3+ 67. Kg2 e3 68. gxf5 gxf5 69. Kf3 Rb3 70. Rc1 Kd8 71. Bh4+ Ke8 72. Rf1 Rb2 73. Rg1 e2 74. Rg8+ Kf7 75. Be6# 1-0


[Site "https://www.chess.com"]

[Event "Titled Tuesday Blitz October 5 2021"]
[White "Bilych, Olexiy"]
[Black "Brunner, Nicolas"]
[WhiteFideId "14156504"]
[BlackFideId "620246"]
[WhiteElo "2248"]
[BlackElo "2372"]
[Result "1/2-1/2"]
[Round "03"]
[TimeControl "180+1"]
[Date "2021.10.05"]
[WhiteClock "0:00:16"]
[BlackClock "0:00:11"]

1. d4 d5 2. c4 e6 3. Nf3 Be7 4. g3 Nf6 5. Bg2 O-O 6. O-O dxc4 7. Qc2 a6 8. a4 Bd7 9. Bg5 Bc6 10. Bxf6 Bxf6 11. Rd1 a5 12. e4 Na6 13. Nbd2 Nb4 14. Qxc4 b6 15. h4 Bb7 16. Rac1 Rc8 17. Qb3 g6 18. e5 Be7 19. Nc4 Bd5 20. Ne1 c5 21. Bxd5 exd5 22. Nd2 cxd4 23. Rxc8 Qxc8 24. Ndf3 Bc5 25. Nd3 Nxd3 26. Qxd3 Re8 27. Qd2 Qg4 28. Qf4 Qxf4 29. gxf4 Rc8 30. Nxd4 Bxd4 31. Rxd4 Rc2 32. Rxd5 Rxb2 33. Kg2 Rb4 34. Rd8+ Kg7 35. Rd7 Kg8 36. Kg3 Rxa4 37. Kg4 h6 38. h5 gxh5+ 39. Kf5 h4 40. Rd8+ Kg7 41. Rd7 Kg8 42. Rd8+ Kg7 43. Rd7 Kg8 1/2-1/2


[Site "https://www.chess.com"]

[Event "Titled Tuesday Blitz October 5 2021"]
[White "Bordi, Kevin"]
[Black "Aditya Mittal"]
[WhiteFideId "621862"]
[BlackFideId "35042025"]
[WhiteElo "2820"]
[BlackElo "2245"]
[Result "1-0"]
[Round "03"]
[TimeControl "180+1"]
[Date "2021.10.05"]
[WhiteClock "0:00:14"]
[BlackClock "0:00:05"]

1. e4 c5 2. Nf3 Nc6 3. b4 Nxb4 4. c3 Nc6 5. d4 d6 6. d5 Ne5 7. Nxe5 dxe5 8. f4 exf4 9. Bxf4 e5 10. Bxe5 Qh4+ 11. Bg3 Qxe4+ 12. Be2 Bg4 13. Nd2 Qxe2+ 14. Qxe2+ Bxe2 15. Kxe2 Nf6 16. c4 O-O-O 17. Kd3 b5 18. Rab1 a6 19. Kc2 Bd6 20. Bh4 b4 21. Rbe1 Rde8 22. Bxf6 gxf6 23. g3 Re5 24. Rhf1 Rhe8 25. Rxe5 Bxe5 26. Ne4 Bd4 27. Nd6+ Kd7 28. Nxe8 Kxe8 29. Rf5 a5 30. Rh5 a4 31. Rxh7 f5 32. Rh6 f6 33. Rh7 1-0


[Site "https://www.chess.com"]

[Event "Titled Tuesday Blitz October 5 2021"]
[White "Bykov, Egor"]
[Black "Fajdetic, Hrvoje"]
[WhiteFideId "34115290"]
[BlackFideId "14501945"]
[WhiteElo "2221"]
[BlackElo "2140"]
[Result "1-0"]
[Round "03"]
[TimeControl "180+1"]
[Date "2021.10.05"]
[WhiteClock "0:00:11"]
[BlackClock "0:00:05"]

1. d4 e6 2. c4 f5 3. Nf3 Nf6 4. g3 Be7 5. Bg2 O-O 6. O-O d6 7. Nc3 Ne4 8. Qc2 Nxc3 9. bxc3 Bf6 10. Rd1 Qe8 11. c5 e5 12. cxd6 cxd6 13. Ba3 e4 14. Ne1 Be7 15. Qb3+ Qf7 16. Nc2 Nc6 17. Ne3 Na5 18. Qxf7+ Rxf7 19. f3 exf3 20. exf3 Bd7 21. f4 Bc6 22. d5 Bb5 23. Rab1 Ba6 24. Rdc1 Rc8 25. Bf1 Bxf1 26. Kxf1 b6 27. Ke2 Bf8 28. Kd3 g6 29. Bb4 Nb7 30. Nc2 Nc5+ 31. Bxc5 Rxc5 32. c4 Bg7 33. Nb4 Re7 34. Re1 Rxe1 35. Rxe1 a5 36. Nc6 b5 37. Nxa5 bxc4+ 38. Nxc4 Rxd5+ 39. Kc2 Rc5 40. Kb3 d5 41. Re8+ Kf7 42. Nd6+ Kf6 43. a4 Rc6 44. Nb5 Kf7 45. Rd8 d4 46. a5 Rc5 47. Kb4 Rc6 48. Nxd4 Bxd4 49. Rxd4 Ke6 50. Kb5 Rc8 51. a6 Rb8+ 52. Kc6 g5 53. Kc7 Ra8 54. Kb7 Re8 55. a7 Re7+ 56. Kb6 Re8 57. fxg5 Ke5 58. Rc4 Re6+ 59. Rc6 Re8 60. Kb7 Re7+ 61. Rc7 Re8 62. Rc8 Re7+ 63. Kb6 Re6+ 64. Kb5 Re7 65. a8=Q 1-0


[Site "https://www.chess.com"]

[Event "Titled Tuesday Blitz October 5 2021"]
[White "Cardoso Cardoso, Jose Gabriel"]
[Black "Hjartarson, Johann"]
[WhiteFideId "4430492"]
[BlackFideId "2300044"]
[WhiteElo "2343"]
[BlackElo "2502"]
[Result "0-1"]
[Round "03"]
[TimeControl "180+1"]
[Date "2021.10.05"]
[WhiteClock "0:00:04"]
[BlackClock "0:00:45"]

1. d4 Nf6 2. Nc3 g6 3. e4 d6 4. Bg5 c6 5. Qd2 d5 6. f3 dxe4 7. fxe4 Bg7 8. Nf3 O-O 9. Bh6 b5 10. a3 a5 11. Bxg7 Kxg7 12. e5 Nd5 13. Be2 Na6 14. O-O Nac7 15. Ne4 f6 16. b3 b4 17. axb4 axb4 18. Rxa8 Nxa8 19. Nc5 Nab6 20. Bd3 Nc3 21. Qf4 Nbd5 22. Qg3 Ne3 23. Re1 Nf5 24. Qf4 g5 25. Qe4 Nxe4 26. Bxe4 Nxd4 27. Nd2 Qb6 28. Na4 Qa7 29. Kh1 fxe5 30. Nc4 Bf5 31. Bxf5 Rxf5 32. Ne3 Rf7 33. Ng4 Nxc2 34. Rc1 Ne3 35. Nxe5 Rf1+ 36. Rxf1 Nxf1 37. Nxc6 Qf2 0-1


[Site "https://www.chess.com"]

[Event "Titled Tuesday Blitz October 5 2021"]
[White "Dang, Hoang Son"]
[Black "Bortnyk, Olexandr"]
[WhiteFideId "12402435"]
[BlackFideId "14120828"]
[WhiteElo "2720"]
[BlackElo "3010"]
[Result "0-1"]
[Round "03"]
[TimeControl "180+1"]
[Date "2021.10.05"]
[WhiteClock "0:00:05"]
[BlackClock "0:00:17"]

1. d4 f5 2. Nf3 Nf6 3. g3 d6 4. Bg2 g6 5. O-O Bg7 6. c4 O-O 7. Nc3 c6 8. Re1 Ne4 9. Ng5 Nxc3 10. bxc3 e5 11. d5 e4 12. Qb3 Na6 13. Be3 Nc5 14. Bxc5 dxc5 15. f4 h6 16. Nh3 Qa5 17. Rac1 cxd5 18. cxd5 b5 19. e3 c4 20. Qc2 Bb7 21. Red1 Rad8 22. d6 Qb6 23. Qd2 Rf6 24. d7 Bc6 25. g4 Rxd7 26. Qe2 Rd3 27. Rxd3 exd3 28. Qd2 fxg4 29. Nf2 Bxg2 30. Kxg2 h5 31. h4 Qc6+ 32. Kh2 Qf3 33. Nh1 Qh3+ 34. Kg1 Re6 35. Re1 Qxh4 36. e4 b4 37. e5 Bh6 38. Re4 bxc3 39. Qxc3 g3 40. Qd2 Qh2+ 41. Qxh2 gxh2+ 42. Kxh2 d2 43. Nf2 c3 44. Rc4 Bxf4+ 45. Kg2 Bxe5 46. Kf3 Bg7 47. Rc7 Rf6+ 48. Ke2 Rxf2+ 0-1


[Site "https://www.chess.com"]

[Event "Titled Tuesday Blitz October 5 2021"]
[White "Dardha, Daniel"]
[Black "Droin, Augustin"]
[WhiteFideId "240990"]
[BlackFideId "45105987"]
[WhiteElo "2489"]
[BlackElo "2455"]
[Result "1-0"]
[Round "03"]
[TimeControl "180+1"]
[Date "2021.10.05"]
[WhiteClock "0:00:23"]
[BlackClock "0:00:06"]

1. d4 d5 2. Bf4 Nf6 3. e3 e6 4. Nf3 c5 5. c3 Nc6 6. Nbd2 Bd6 7. Ne5 Qc7 8. Bb5 O-O 9. Bxc6 bxc6 10. O-O cxd4 11. cxd4 c5 12. Rc1 Ba6 13. Re1 Rac8 14. Qa4 Qb7 15. Nd7 Bxf4 16. Nxf6+ gxf6 17. exf4 Bb5 18. Qa3 cxd4 19. Qg3+ Kh8 20. Qh4 Qe7 21. Nf3 d3 22. Rcd1 Rg8 23. f5 Rc4 24. Qh6 Rcg4 25. g3 e5 26. h3 Re4 27. Rxe4 dxe4 28. Nd2 Bc6 29. Re1 Rg5 30. g4 Qd6 31. Nc4 Qe7 32. Ne3 Rg7 33. Rc1 Qd6 34. Nc4 Qe7 35. Nxe5 Qxe5 36. Rxc6 e3 37. Qxe3 Qxb2 38. Qxd3 h5 39. Qe3 Kh7 40. Qg3 Qb1+ 41. Kh2 Qe4 42. Rxf6 hxg4 43. Rh6+ Kg8 44. Qb8+ 1-0


[Site "https://www.chess.com"]

[Event "Titled Tuesday Blitz October 5 2021"]
[White "Demidov, Mikhail"]
[Black "Pastar, Slaven"]
[WhiteFideId "4197143"]
[BlackFideId "14402718"]
[WhiteElo "2527"]
[BlackElo "2198"]
[Result "0-1"]
[Round "03"]
[TimeControl "180+1"]
[Date "2021.10.05"]
[WhiteClock "0:00:38"]
[BlackClock "0:00:08"]

1. Nf3 b6 2. g3 Bb7 3. Bg2 g6 4. h4 h6 5. a4 Bg7 6. a5 c5 7. c4 bxa5 8. Nc3 Nf6 9. d3 Nc6 10. Bd2 Rb8 11. Qc1 Nd4 12. Ra3 Bxf3 13. exf3 Nb3 14. Qc2 Nxd2 15. Qxd2 Qb6 16. Ra2 d6 17. O-O O-O 18. f4 Qb4 19. Rfa1 h5 20. Qc1 e6 21. Bf3 Rfd8 22. Kg2 d5 23. cxd5 exd5 24. Rxa5 Qxb2 25. Rxc5 Ng4 26. Bxg4 hxg4 27. Qxb2 Rxb2 28. Rxd5 Rxd5 29. Nxd5 Rxf2+ 30. Kxf2 Bxa1 31. f5 gxf5 32. Ne7+ Kg7 33. Nxf5+ Kg6 34. Ne3 f5 35. Nc4 Bc3 36. Ke3 a5 37. d4 a4 38. d5 Be1 39. Kf4 Bb4 40. d6 Bxd6+ 41. Nxd6 a3 42. Nxf5 a2 43. Ne3 a1=Q 44. Nxg4 Qd4+ 45. Kf3 Qd5+ 46. Kf4 Qf5+ 0-1


[Site "https://www.chess.com"]

[Event "Titled Tuesday Blitz October 5 2021"]
[White "Dolzhykova, Kateryna"]
[Black "Khoroshev, Nikita"]
[WhiteFideId "14113414"]
[BlackFideId "14200287"]
[WhiteElo "2213"]
[BlackElo "2376"]
[Result "0-1"]
[Round "03"]
[TimeControl "180+1"]
[Date "2021.10.05"]
[WhiteClock "0:00:07"]
[BlackClock "0:00:09"]

1. Nf3 Nf6 2. g3 d5 3. Bg2 c5 4. O-O Nc6 5. d4 c4 6. b3 Bf5 7. bxc4 dxc4 8. c3 e6 9. Nbd2 Nd5 10. Bb2 Nb6 11. e4 Bg6 12. Nh4 Be7 13. Nxg6 hxg6 14. d5 Ne5 15. Rb1 O-O 16. Qe2 Rc8 17. Ba1 Re8 18. Kh1 exd5 19. exd5 Bc5 20. Ne4 Nd3 21. Qc2 Nxd5 22. Rbd1 Bb6 23. Rxd3 cxd3 24. Qxd3 Nf6 25. Nxf6+ gxf6 26. Qf3 Rc4 27. Rd1 Qe7 28. Qxb7 Qxb7 29. Bxb7 Bxf2 30. Bd5 Rc7 31. c4 Kg7 32. Kg2 Re1 33. Rxe1 Bxe1 34. Bd4 Bb4 35. a4 Bc5 36. Bc3 Bd6 37. g4 Be5 38. Bd2 Rc8 39. Be3 Rb8 40. Bxa7 Rb2+ 41. Kf3 Ra2 42. Bc6 Ra3+ 43. Ke4 Bxh2 44. Bb5 Be5 45. c5 Ra1 46. c6 Re1+ 47. Kd5 Rd1+ 48. Kc4 Bc7 49. Bc5 f5 50. gxf5 gxf5 51. a5 Bxa5 52. Bd4+ Kg6 53. Be5 Rc1+ 54. Kd5 Kg5 55. Bc4 f4 56. c7 Bxc7 57. Bxc7 f3 58. Kd4 Kg4 59. Bd5 Rd1+ 60. Ke4 f2 61. Bc4 Rc1 62. Kd4 Rxc4+ 63. Kxc4 f1=Q+ 64. Kc5 Qf5+ 65. Kd6 Qe6+ 66. Kc5 f5 67. Bd6 Qe4 68. Bf4 Kxf4 0-1


[Site "https://www.chess.com"]

[Event "Titled Tuesday Blitz October 5 2021"]
[White "Dounis, Alexandros"]
[Black "Rustemov, Alexander"]
[WhiteFideId "4213238"]
[BlackFideId "4119002"]
[WhiteElo "2195"]
[BlackElo "2795"]
[Result "0-1"]
[Round "03"]
[TimeControl "180+1"]
[Date "2021.10.05"]
[WhiteClock "0:01:35"]
[BlackClock "0:02:04"]

1. Nf3 d5 2. g3 Nf6 3. Bg2 c6 4. O-O Bf5 5. d3 e6 6. c4 dxc4 7. dxc4 Qxd1 8. Rxd1 Bc2 9. Rd2 Bg6 10. Nc3 Bb4 11. Ne5 Bxc3 12. bxc3 Nbd7 13. Nxg6 hxg6 14. Rb1 O-O-O 15. Ba3 Nb6 16. Rxd8+ Rxd8 17. Bc5 Kc7 18. Bd4 Nxc4 19. e4 b6 20. e5 Nd5 21. Bf1 Nd2 22. Rc1 c5 23. c4 Nf3+ 24. Kg2 Nxd4 25. cxd5 Rxd5 26. a4 Rxe5 27. a5 b5 0-1


[Site "https://www.chess.com"]

[Event "Titled Tuesday Blitz October 5 2021"]
[White "Ertan, Can"]
[Black "Gelman, Alexander"]
[WhiteFideId "6306330"]
[BlackFideId "4118316"]
[WhiteElo "2223"]
[BlackElo "2375"]
[Result "0-1"]
[Round "03"]
[TimeControl "180+1"]
[Date "2021.10.05"]
[WhiteClock "0:00:18"]
[BlackClock "0:00:11"]

1. e4 c5 2. Nf3 e6 3. d4 cxd4 4. Nxd4 a6 5. Bd3 d6 6. O-O Nf6 7. c4 Bd7 8. Nc3 Nc6 9. Be3 Be7 10. Rc1 O-O 11. Nxc6 Bxc6 12. b4 b6 13. a4 a5 14. Qb3 Nd7 15. Rfd1 axb4 16. Qxb4 Qb8 17. Rb1 Ra6 18. Bc2 Rc8 19. Bf4 Nc5 20. a5 e5 21. Be3 Rxa5 22. Qxb6 Qa8 23. Nd5 Bxd5 24. exd5 Ra6 25. Qb5 Ra5 26. Qb6 g6 27. h3 Ra2 28. Rb2 Ra6 29. Qb5 Ra5 30. Qb4 f5 31. Rdb1 Bf6 32. Qd2 Ra1 33. Rb6 Rxb1+ 34. Bxb1 Qa1 35. Kh2 Ne4 36. Bc5 Rxc5 37. Qb4 Rc7 38. Rb8+ Kg7 39. Bxe4 fxe4 40. Qxd6 Rf7 41. Rc8 Qd4 42. Qb8 Qxf2 43. Rg8+ Kh6 44. Rf8 Rxf8 45. Kh1 Kg5 46. Qxf8 Qf1+ 47. Kh2 Qf4+ 48. Kh1 e3 49. h4+ Qxh4+ 50. Kg1 e2 51. Qb4 e1=Q+ 52. Qxe1 Qxe1+ 53. Kh2 Qh4+ 54. Kg1 Qxc4 0-1


[Site "https://www.chess.com"]

[Event "Titled Tuesday Blitz October 5 2021"]
[White "Estrada Nieto, Julian"]
[Black "Paltrinieri, Nicholas"]
[WhiteFideId "5101018"]
[BlackFideId "828262"]
[WhiteElo "2270"]
[BlackElo "2254"]
[Result "1-0"]
[Round "03"]
[TimeControl "180+1"]
[Date "2021.10.05"]
[WhiteClock "0:00:05"]
[BlackClock "0:00:10"]

1. e4 e6 2. d4 d5 3. Nd2 Be7 4. Bd3 c5 5. exd5 exd5 6. dxc5 Nf6 7. Ngf3 O-O 8. Nb3 a5 9. a4 Nbd7 10. Be3 Qc7 11. O-O Nxc5 12. Nxc5 Bxc5 13. Bxc5 Qxc5 14. Qd2 b6 15. Rfe1 Bb7 16. Ne5 Rfd8 17. Qf4 Rac8 18. h4 Qc7 19. Bf5 Rb8 20. Rad1 Ne4 21. c4 Nd6 22. cxd5 Nxf5 23. Qxf5 Bxd5 24. Rd4 Be6 25. Qf4 Rxd4 26. Qxd4 Rd8 27. Qe3 h6 28. Nf3 Qc6 29. Nd4 Qxa4 30. Nxe6 Re8 31. Qxb6 Qxh4 32. Qxa5 fxe6 33. g3 Qc4 34. Qe5 Kf7 35. Re4 Qc1+ 36. Re1 Qc6 37. b4 Re7 38. Re4 Rb7 39. Rf4+ Kg8 40. Re4 Rb6 41. b5 Qd6 42. Qxd6 Rxd6 43. Rb4 Rb6 44. f4 Kf7 45. Kf2 Ke7 46. Ke3 Kd6 47. Kd4 g6 48. Kc4 h5 49. Rb2 e5 50. Rd2+ Ke6 51. fxe5 Kxe5 52. Kc5 Rb8 53. b6 Rc8+ 54. Kb5 Rc1 55. b7 Rb1+ 56. Kc6 h4 57. gxh4 Kf4 58. Kc7 Kg4 59. Rd6 Rc1+ 60. Rc6 Rb1 61. b8=Q Rxb8 62. Kxb8 Kxh4 63. Rxg6 1-0


[Site "https://www.chess.com"]

[Event "Titled Tuesday Blitz October 5 2021"]
[White "Fernandez Hernandez, Arturo A."]
[Black "Katz, Alexander"]
[WhiteFideId "3509230"]
[BlackFideId "2039796"]
[WhiteElo "2400"]
[BlackElo "2371"]
[Result "0-1"]
[Round "03"]
[TimeControl "180+1"]
[Date "2021.10.05"]
[WhiteClock "0:00:04"]
[BlackClock "0:00:21"]

1. Nf3 Nf6 2. c4 e6 3. g3 d5 4. Bg2 dxc4 5. Qc2 c6 6. Ne5 Nbd7 7. Nxc4 Nb6 8. b3 Nxc4 9. bxc4 Bc5 10. e3 O-O 11. Bb2 Qe7 12. d4 Bb4+ 13. Nd2 c5 14. O-O Rd8 15. Nb3 cxd4 16. exd4 Rb8 17. c5 b6 18. a3 Ba5 19. Nxa5 bxa5 20. Rab1 Ba6 21. Rfc1 Nd5 22. Bxd5 exd5 23. Bc3 Re8 24. Re1 Qd7 25. Rxb8 Rxb8 26. Bxa5 Bc4 27. Qc3 h5 28. Qe3 h4 29. Qf4 Rb5 30. Bd2 hxg3 31. hxg3 Rb3 32. Bc1 Qc6 33. Qh4 Rb8 34. Qf4 Rc8 35. Re7 Qg6 36. Qg5 Qd3 37. Kh2 Qf3 38. Qe3 Qh5+ 39. Kg2 Rc6 40. Re8+ Kh7 41. Qf3 Bf1+ 0-1


[Site "https://www.chess.com"]

[Event "Titled Tuesday Blitz October 5 2021"]
[White "Florescu, Codrut-Constantin"]
[Black "Sorokin, Aleksey"]
[WhiteFideId "1202200"]
[BlackFideId "24176460"]
[WhiteElo "2243"]
[BlackElo "2476"]
[Result "1-0"]
[Round "03"]
[TimeControl "180+1"]
[Date "2021.10.05"]
[WhiteClock "0:00:09"]
[BlackClock "0:00:04"]

1. d4 Nf6 2. c4 g6 3. Nc3 d5 4. cxd5 Nxd5 5. e4 Nxc3 6. bxc3 Bg7 7. Bc4 c5 8. Ne2 O-O 9. O-O Nc6 10. Be3 Bg4 11. f3 Na5 12. Bxf7+ Rxf7 13. fxg4 Rxf1+ 14. Kxf1 Qd6 15. e5 Qe6 16. h3 Nc4 17. Bf2 Rf8 18. Kg1 b5 19. Qd3 Bh6 20. Ng3 Qf7 21. Ne4 Nd2 22. Bg3 Nxe4 23. Qxe4 Qc4 24. Rb1 Qxc3 25. Bf2 Qd2 26. Rf1 c4 27. Qd5+ Kh8 28. e6 Rxf2 29. Rxf2 Qe1+ 30. Rf1 Be3+ 31. Kh2 Qxf1 32. Qe5+ Kg8 33. Qxe3 Qf6 34. d5 c3 35. g5 Qg7 36. d6 c2 37. d7 Qf8 38. Qc3 Qb8+ 39. g3 Qb6 40. Qxc2 h6 41. Qd2 Qd8 42. gxh6 Kh7 43. Qd4 a5 44. Qg7# 1-0


[Site "https://www.chess.com"]

[Event "Titled Tuesday Blitz October 5 2021"]
[White "Gabrielian, Artur"]
[Black "Perez Rodriguez, Luis Manuel"]
[WhiteFideId "4131002"]
[BlackFideId "3503364"]
[WhiteElo "2489"]
[BlackElo "2429"]
[Result "1-0"]
[Round "03"]
[TimeControl "180+1"]
[Date "2021.10.05"]
[WhiteClock "0:00:27"]
[BlackClock "0:00:12"]

1. e4 e5 2. Nc3 Nc6 3. g3 h5 4. Bg2 h4 5. Nf3 h3 6. Bf1 Bc5 7. d3 d6 8. Be3 Bg4 9. Be2 Nf6 10. Bxc5 dxc5 11. Qd2 Qd7 12. O-O-O Bxf3 13. Bxf3 O-O-O 14. Qe3 Nd4 15. Be2 Ng4 16. Bxg4 Qxg4 17. f4 f6 18. Rhf1 Kb8 19. a3 Rhf8 20. Rd2 f5 21. Rdf2 fxe4 22. Qxe4 exf4 23. Rxf4 Rxf4 24. Rxf4 Qd7 25. Rf1 a6 26. Kb1 Re8 27. Qf4 b6 28. Ne4 Re7 29. Qf8+ Kb7 30. Qg8 Nc6 31. Rf8 Qg4 32. Ka2 Qe2 33. Qc4 Qxh2 34. Qb3 Rxe4 35. dxe4 Qe2 36. Qe6 h2 37. Qc8+ 1-0


[Site "https://www.chess.com"]

[Event "Titled Tuesday Blitz October 5 2021"]
[White "Gaehwiler, Gabriel"]
[Black "Tabatabaei, M. Amin"]
[WhiteFideId "1314530"]
[BlackFideId "12521213"]
[WhiteElo "2320"]
[BlackElo "2555"]
[Result "1/2-1/2"]
[Round "03"]
[TimeControl "180+1"]
[Date "2021.10.05"]
[WhiteClock "0:00:16"]
[BlackClock "0:00:08"]

1. d4 Nf6 2. c4 b6 3. g3 Bb7 4. Nf3 g6 5. Bg2 Bg7 6. O-O O-O 7. Nc3 Ne4 8. Bd2 Nxd2 9. Qxd2 d6 10. e4 e6 11. Rfe1 Nd7 12. Rad1 Qe7 13. h4 h6 14. e5 dxe5 15. Nxe5 Bxg2 16. Kxg2 Nxe5 17. dxe5 Qc5 18. Qf4 Rad8 19. b3 Rxd1 20. Rxd1 Qxe5 21. Qxe5 Bxe5 22. Nb5 a6 23. Na7 Bd6 24. Nc6 f5 25. b4 Kg7 26. a4 Kf6 27. a5 bxa5 28. c5 Be5 29. Nxa5 g5 30. hxg5+ hxg5 31. Nc6 g4 32. Rd7 Rc8 33. Rd8 Rxd8 34. Nxd8 Bc3 35. Nc6 e5 36. Nb8 Bxb4 37. Nxa6 Ba5 38. Nb8 Ke6 39. c6 Kd6 40. Nd7 e4 41. Nf6 Kxc6 42. Ne8 Kd7 43. Ng7 Bd2 44. Nxf5 Ke6 45. Nd4+ Kd5 46. Nb3 Bg5 47. Kf1 e3 48. fxe3 Bxe3 49. Ke2 Bd4 50. Na5 c5 51. Kd3 Be5 52. Nc4 Bd4 53. Nb6+ Kc6 54. Nc4 Kb5 55. Nd6+ Kb4 56. Nf5 Bf2 57. Ke2 Bd4 58. Kd3 Be5 59. Ke4 Bc7 60. Ne3 Bxg3 61. Nxg4 Bd6 62. Kd3 c4+ 63. Kc2 Bf4 64. Nf2 Kc5 65. Ne4+ Kd4 66. Nf2 Be3 67. Nd1 Bg1 68. Nc3 Bh2 69. Ne2+ Ke3 70. Nc3 Be5 71. Nd5+ Kd4 72. Nb4 Kc5 73. Na2 Bd4 74. Nc1 Be3 75. Ne2 Kb5 76. Nc3+ Kb4 77. Ne2 Bg5 78. Nc3 Bd8 79. Nd5+ Kc5 80. Nc3 Ba5 81. Ne2 Bb4 82. Ng3 Kd4 83. Ne2+ Ke4 84. Ng3+ Ke3 85. Nf5+ Kf3 86. Nd4+ Ke4 87. Nc6 Be1 88. Na7 Kd5 89. Nb5 Kc5 90. Na3 c3 91. Nb1 Kd4 92. Nxc3 1/2-1/2


[Site "https://www.chess.com"]